 Dungeon Sprint DCSS version 0.29-a0-384-g6960b1960d (webtiles) character file.

Game seed: 972525312876646467

356 mhtbhm the Basher (level 6, 0/106 HPs)
             Began as a Troll Berserker on May 7, 2022.
             Was a Follower of Trog.
             Succumbed to an orange demon's poison
             ... in the Dungeon (Sprint VII: "The Pits").
             The game lasted 00:00:11 (27 turns).

mhtbhm the Basher (Troll Berserker)                   Turns: 27, Time: 00:00:12

Health: 0/106      AC:  4    Str: 28    XL:     6   Next: 36%
Magic:  5/5        EV: 11    Int:  3    God:    Trog [*.....]
Gold:   0          SH:  0    Dex:  9    Spells: 5/5 levels left

rFire   . . .      SeeInvis .   a - +0 mace
rCold   . . .      Faith    .   (no shield)
rNeg    . . .      Spirit   .   b - +0 animal skin
rPois   .          Reflect  .   (helmet restricted)
rElec   .          Harm     .   (no cloak)
rCorr   .          Rampage  .   (gloves unavailable)
Will    .....      NoTele   +   (boots unavailable)
Stlth   ..........              (no amulet)
HPRegen 1.07/turn               (no ring)
MPRegen 0.09/turn               (no ring)

@: confused, berserking (expiring), lethally poisoned (0 -> -3), very quick
A: large, unfitting armour, claws 3, regeneration 1, shaggy fur 1, tough skin 1
a: Renounce Religion, Berserk


You were in the Dungeon.
You worshipped Trog.
Trog was aware of your devotion.
You visited 1 branch

Inventory:

Hand Weapons
 a - a +0 mace (weapon)
Armour
 b - a +0 animal skin (worn)
Scrolls
 h - a scroll of blinking
Potions
 c - a potion of curing
 d - a potion of heal wounds
 e - a potion of haste
 f - 2 potions of magic
 g - a potion of berserk rage


   Skills:
 + Level 7.0 Fighting
 + Level 8.4 Maces & Flails
 + Level 6.4 Dodging


You had 5 spell levels left.
You didn't know any spells.
Your spell library was empty.

Dungeon Overview and Level Annotations

Branches:
Dungeon (1/1)

Altars:


Innate Abilities, Weirdness & Mutations

You are too large for most types of armour.
You have claws for hands.
Your natural rate of healing is unusually fast.
You are covered in fur. (AC +1)
You have tough skin. (AC +1)


Message History

Trog accepts your kill.
Trog appreciates your killing of a magic user.
The orange demon disappears in a puff of smoke!
The red devil disappears in a puff of smoke!
* * * LOW HITPOINT WARNING * * *
You feel very sick. The orc wizard barely misses you.
The orc hits you with a +0 mace.
* * * LOW HITPOINT WARNING * * *
Your Fighting skill gained 5 levels and is now at level 7!
Your Maces & Flails skill gained 6 levels and is now at level 8!
Your Dodging skill gained 4 levels and is now at level 6!
You have reached level 2!
You have reached level 3!
Your experience leads to an increase in your attributes!
Increase (S)trength, (I)ntelligence, or (D)exterity?
You feel stronger. x3
You have reached level 4!
You have reached level 5!
You have reached level 6!
You feel stronger.
Unknown command.
You sock the orc wizard!
The orc wizard is heavily wounded.
You feel sick.
The orc wizard gestures at you while chanting.
You are confused.
Unknown command.
You feel sick. The orc barely misses you.
Unknown command.
You bump into the metal wall.
You feel a strong urge to attack something.
You feel sick.
Unknown command.
You closely miss the orc wizard.
The orc wizard is heavily wounded.
You feel sick. The orc hits you with a +0 mace.
* * * LOW HITPOINT WARNING * * *
Unknown command.
You bump into the metal wall.
You die...

##########++######
#................#
#......#..#......#
#................+
+................+
#......#..#......#
#.........@o.....#
####'#####o'######
#.......##o'#
#.......##...
#.......##....
#...<...##...##
#.......##..##
#.......##..#
#.......##..#


You could see an orc wizard and 2 orcs.

Vanquished Creatures
  An orc sorcerer (D)
1 creature vanquished.

Notes
Turn   | Place    | Note
-------+----------+-------------------------------------------
     0 | D        | mhtbhm the Troll Berserker began the quest for the Orb.
     0 | D        | Reached XP level 1. HP: 22/22 MP: 0/0
    11 | D        | Noticed an orc wizard
    11 | D        | Noticed an orc sorcerer
    20 | D        | Noticed an orange demon
    22 | D        | Noticed a red devil
    22 | D        | Killed an orc sorcerer
    23 | D        | Reached skill level 8 in Maces & Flails
    23 | D        | Reached XP level 2. HP: 5/40 MP: 1/1
    23 | D        | Reached XP level 3. HP: 6/46 MP: 2/2
    23 | D        | Reached XP level 4. HP: 8/55 MP: 3/3
    23 | D        | Reached XP level 5. HP: 9/62 MP: 4/4
    23 | D        | Reached XP level 6. HP: 10/71 MP: 5/5
    26 | D        | HP: 1/106 [orc/+0 mace (5)]
    27 | D        | Succumbed to an orange demon's poison

Illustrated notes

Levels and vault maps discovered:
D:        pitsprint [storerooms_1, entrance_room_1, metal_vault_6, armoury_1,
          mini_pit_1, grid_room_1, main_hall_1, silver_pit, the_coven_3,
          the_vestibule_1, steel_vault_5, golden_pit, hallway_of_sentries,
          crystal_vault_4, iron_vault_4, final_vault]

Skill      XL: |  1 |
---------------+----+-----
Fighting       | 7 |  7.0
Maces & Flails | 8 |  8.4
Dodging        | 6 |  6.4

Action                   |  1- 3 |  4- 6 || total
-------------------------+-------+-------++-------
Melee: Mace              |     9 |     2 ||    11
Invok: Berserk           |     1 |       ||     1
Armor: Animal skin       |     2 |       ||     2
Dodge: Dodged            |     5 |     1 ||     6

Table legend: (Time is in decaauts)
 A = Elapsed time spent in this place.
 B = Non-inter-level travel time spent in this place.
 C = Inter-level travel time spent in this place.
 D = Time resting spent in this place.
 E = Time spent auto-exploring this place.
 F = Levels seen in this place.
 G = Mean time per level.
                   A        B        C        D        E       F      G
               +--------+--------+--------+--------+--------+-----+--------+
         Total |     24 |     24 |      0 |      0 |     11 |   1 |   24.0 |
       Dungeon |     24 |     24 |      0 |      0 |     11 |   1 |   24.0 |
               +--------+--------+--------+--------+--------+-----+--------+

Top non-repeatable levels by time:
       D: 24 daAuts
